 Dungeon Crawl Stone Soup version 0.21.1-1-g345015f (webtiles) character file.

1444 poirepourri the Cleaver (level 8, -9/75 HPs)
             Began as a Deep Dwarf Fighter on July 20, 2018.
             Mangled by Thomus's ghost (12 damage)
             ... on level 7 of the Dungeon.
             The game lasted 00:04:24 (2078 turns).

poirepourri the Cleaver (Deep Dwarf Fighter)        Turns: 2078, Time: 00:04:24

Health: -9/75      AC:  6    Str: 20    XL:     8   Next: 46%
Magic:  3/3        EV:  7    Int:  9    God:
Gold:   314        SH:  9    Dex: 14    Spells: 7/7 levels left

rFire    + . .     SeeInvis .   a - +1 war axe
rCold    x . .     Gourm    .   c - +0 shield
rNeg     + . .     Faith    .   b - +0 scale mail
rPois    .         Spirit   .   (no helmet)
rElec    .         Reflect  .   (no cloak)
rCorr    .         Harm     .   (no gloves)
MR       +....                  (no boots)
Stlth    ..........             (no amulet)
HPRegen  0.00/turn              o - ring of positive energy
MPRegen  0.08/turn              g - ring of fire

@: non-regenerating
A: damage resistance, heal wounds, sense surroundings 1, no regeneration
a: Heal Wounds


You were on level 7 of the Dungeon.
You were not hungry.

You visited 1 branch of the dungeon, and saw 7 of its levels.

You collected 314 gold pieces.

Inventory:

Hand Weapons
 a - a +1 war axe (weapon)
Missiles
 r - 4 tomahawks (quivered)
 v - 12 bolts
Armour
 b - a +0 scale mail (worn)
 c - a +0 shield (worn)
Jewellery
 g - a ring of fire (right hand)
 o - a ring of positive energy (left hand)
 s - an uncursed ring of protection from cold {unknown}
Wands
 d - a wand of flame (33)
 j - a wand of random effects (18)
 w - a wand of iceblast (8)
Scrolls
 n - 2 scrolls of remove curse
 q - a scroll of teleportation
 u - 2 scrolls of blinking
Potions
 e - a potion of invisibility {unknown}
 h - a potion of heal wounds {unknown}
 i - a potion of haste
 k - a potion of flight {unknown}
 l - a potion of brilliance
 m - a potion of agility {unknown}
 p - a potion of cancellation
Comestibles
 f - 3 rations


   Skills:
 + Level 5.6 Fighting
 - Level 10.1 Axes
 - Level 3.2 Armour
 - Level 3.2 Shields


You had 7 spell levels left.
You didn't know any spells.

Dungeon Overview and Level Annotations

Branches:
Dungeon (7/15)
 Temple: D:4-7

Altars:

Annotations:
D:7 Thomus's ghost, novice MiBe


Innate Abilities, Weirdness & Mutations

You are resistant to damage.
You can heal yourself by infusing magical energy.
You passively map a small area around you.
You do not regenerate.


Message History

Thomus's ghost hits you!
You hit Thomus's ghost but do no damage.
Thomus's ghost is moderately damaged.
Thomus's ghost hits you!
* * * LOW HITPOINT WARNING * * *
Your shield and scale mail prevent you from hitting Thomus's ghost.
Thomus's ghost is moderately damaged.
Thomus's ghost hits you.
You completely miss Thomus's ghost.
Thomus's ghost is moderately damaged.
Thomus's ghost hits you!!
* * * LOW HITPOINT WARNING * * *
Your magical essence is drained by the effort!
You feel much better. You block Thomus's ghost's attack.
You hit Thomus's ghost but do no damage.
Thomus's ghost is moderately damaged.
Thomus's ghost hits you!!
* * * LOW HITPOINT WARNING * * *
Thomus's ghost hits you!
You die...

......# * , #.###.# ,,,,
, * #.###.# #, ### *
#...#.# #. ..# * +#
#...#.# #.##.### * *... *
#...#.# ......, **....
##.##.# ##..# ..... **
<.....#####..)####......
*
...<....)......W@'......,
,
.#.#######....##.#......
.#.# #.#.(##.# ..... .#..
, #.##.#)%# *...$ , #####
,........., ... *
......≈≈≈≈≈ , .. * , *
.....≈≈≈≈≈≈≈ . , *
#...≈≈≈≈≈≈≈≈≈ *,


You could see Thomus's ghost.

Vanquished Creatures
  A water moccasin (D:7)
  2 ice beasts
  A sky beast (D:5)
  A phantom (D:5)
  2 ogres
  4 bullfrogs
  A water moccasin skeleton (D:6)
  A jelly (D:5)
  A howler monkey (D:5)
  2 hounds (D:7)
  2 orc priests
  A bullfrog skeleton (D:4)
  2 orc wizards (D:7)
  3 worker ants
  A hound skeleton (D:7)
  4 adders
  An ooze (D:4)
  An adder skeleton (D:5)
  A worm (D:3)
  4 dart slugs
  4 leopard geckos
  27 orcs
  4 bats
  6 goblins
  4 hobgoblins
  6 jackals
  A quokka (D:6)
  3 ball pythons
  3 frilled lizards
  4 kobolds
  5 rats
103 creatures vanquished.

Notes
Turn   | Place    | Note
-------+----------+-------------------------------------------
     0 | D:1      | poirepourri the Deep Dwarf Fighter began the quest for the Orb.
     0 | D:1      | Reached XP level 1. HP: 20/20 MP: 1/1
   103 | D:1      | Reached skill level 3 in Axes
   104 | D:1      | Reached XP level 2. HP: 21/27 MP: 2/2
   475 | D:2      | Reached XP level 3. HP: 22/33 MP: 3/3
   479 | D:3      | Reached skill level 4 in Axes
   643 | D:4      | Reached skill level 5 in Axes
   643 | D:4      | Reached XP level 4. HP: 39/40 MP: 4/4
   762 | D:4      | Reached XP level 5. HP: 22/46 MP: 5/5
   764 | D:4      | Reached skill level 6 in Axes
   815 | D:5      | Entered Level 5 of the Dungeon
   883 | D:5      | Noticed a phantom
   890 | D:5      | Noticed an ogre
   904 | D:5      | Killed an ogre
   904 | D:5      | Reached skill level 7 in Axes
   904 | D:5      | Reached XP level 6. HP: 21/55 MP: 5/5
  1101 | D:5      | Noticed an ice beast
  1108 | D:5      | Killed an ice beast
  1108 | D:5      | Reached skill level 8 in Axes
  1108 | D:5      | Reached XP level 7. HP: 47/62 MP: 6/6
  1589 | D:6      | Reached skill level 9 in Axes
  1818 | D:7      | Reached XP level 8. HP: 50/72 MP: 7/7
  1827 | D:7      | Reached skill level 10 in Axes
  2038 | D:7      | Reached skill level 5 in Fighting
  2052 | D:7      | Noticed Thomus's ghost (novice MiBe)
  2076 | D:7      | HP: 2/75 [Thomus's ghost (19)]
  2078 | D:7      | Mangled by Thomus's ghost

Skill      XL: |  1  2  3  4  5  6  7  8 |
---------------+-------------------------+-----
Axes           | 3 5 7 8 9 10 | 10.1
Fighting       | 3 5 |  5.6
Armour         | |  3.2
Shields        | |  3.2

Action                   |  1- 3 |  4- 6 |  7- 9 || total
-------------------------+-------+-------+-------++-------
Melee: War axe           |    88 |    63 |   125 ||   276
 Abil: Heal Wounds       |     1 |     4 |     6 ||    11
Evoke: Wand              |       |       |     1 ||     1
  Use: Scroll            |     6 |     2 |     4 ||    12
       Potion            |     1 |     1 |     2 ||     4
  Eat: Ration            |       |       |     2 ||     2
       Chunk             |       |       |     1 ||     1
Armor: Scale mail        |    54 |    34 |    40 ||   128
Dodge: Dodged            |    39 |    29 |    49 ||   117
Block: Shield            |    48 |    51 |    78 ||   177
